AoeStats
← Stanko2026

Golden Pit

508664505Analyzed
1v1 RM · 8d ago on Sep 23, 2026· 64m 58s· 2 players
Game mode
Random Map
Map size
Tiny (2 player)
Population
200
Speed
Normal
Resources
Standard
Victory
Conquest
Starting age
Dark Age
Ending age
Imperial Age
RankedLock teamsTeams togetherTeam positionsShared explorationLock speedFull tech treeHidden civsTurbo modeCheats
Victory
Defeat
🇫🇷 Tatars · France
779
+16
🇩🇪 Teutons · Germany
782
-16
Fadoli
3:52 Loom
9:54 Feudal Age
11:03 Double-Bit Axe
14:12 Horse Collar
15:49 Forging
20:12 Wheelbarrow
24:08 Castle Age
25:04 Scale Barding Armor
25:37 Iron Casting
25:20 Bloodlines
25:11 Husbandry
24:33 Light Cavalry
25:32 Heavy Plow
25:46 Bow Saw
26:59 Gold Mining
27:00 Stone Mining
27:41 Chain Barding Armor
29:09 Hand Cart
28:40 Town Watch
35:27 Imperial Age
33:41 Fletching
33:51 Padded Archer Armor
34:15 Ballistics
33:51 Murder Holes
34:36 Town Patrol
34:52 Bodkin Arrow
37:32 Conscription
40:29 Silk Armor
44:42 Plate Barding Armor
45:16 Crop Rotation
46:27 Blast Furnace
45:44 Leather Archer Armor
47:29 Heavy Cavalry Archer
48:27 Siege Engineers
48:32 Masonry
50:10 Hussar
64:21 Bracer
64:52 Ring Archer Armor
Stanko2026
0:26 Loom
14:36 Feudal Age
15:12 Horse Collar
15:25 Gold Mining
15:25 Stone Mining
23:20 Double-Bit Axe
27:13 Castle Age
27:30 Man-at-Arms
27:31 Pikeman
28:11 Squires
28:49 Stone Shaft Mining
28:16 Heavy Plow
28:28 Bow Saw
28:55 Arson
28:30 Man-at-Arms
28:56 Gambesons
32:34 Ballistics
33:45 Fletching
33:56 Padded Archer Armor
33:56 Scale Mail Armor
34:01 Scale Barding Armor
34:07 Forging
34:03 Elite Skirmisher
35:21 Bodkin Arrow
35:41 Leather Archer Armor
39:48 Imperial Age
37:45 Masonry
39:11 Ironclad
40:38 Cavalier
42:18 Conscription
44:11 Chemistry
45:30 Crop Rotation
47:18 Hoardings
50:53 Bloodlines
Connection lost

Rejoining the realm…

Still unreachable

The connection could not be restored.

Session expired

The server has moved on; the page needs a fresh start.